 Dungeon Crawl Stone Soup version 0.22.1-6-g1668fe2 (webtiles) character file.

4243 brainwave the Carver (level 10, 0/90 HPs)
             Began as a Minotaur Berserker on Jan 27, 2019.
             Was an Elder of Trog.
             Succumbed to a green ugly thing's poison
             ... on level 8 of the Dungeon on Jan 28, 2019.
             The game lasted 01:25:28 (6645 turns).

brainwave the Carver (Minotaur Berserker)           Turns: 6645, Time: 01:25:29

Health: 0/90       AC: 12    Str: 27    XL:     10   Next: 9%
Magic:  6/9        EV: 10    Int:  4    God:    Trog [****..]
Gold:   304        SH:  4    Dex: 10    Spells: 9/9 levels left

rFire    . . .     SeeInvis .   h - +5 scimitar (flame)
rCold    . . .     Gourm    .   g - +0 buckler
rNeg     . . .     Faith    .   P - +0 chain mail
rPois    .         Spirit   +   (helmet restricted)
rElec    .         Reflect  .   U - scarf {Spirit}
rCorr    +         Harm     .   (no gloves)
MR       .....                  (no boots)
Stlth    ..........             A - amulet of rage
HPRegen  0.25/turn              d - ring of resist corrosion
MPRegen  0.11/turn              (no ring)

@: lethally poisoned (0 -> -2), berserk cooldown
A: retaliatory headbutt, hooves 1, horns 2, shaggy fur 1, strong 1, evolution 1
a: Berserk, Trog's Hand, Brothers in Arms, Renounce Religion, Evoke Berserk Rage


You were on level 8 of the Dungeon.
You worshipped Trog.
Trog was greatly pleased with you.
You were very hungry.

You visited 2 branches of the dungeon, and saw 10 of its levels.

You collected 304 gold pieces.

Inventory:

Hand Weapons
 a - a +0 falchion
 f - a +0 shortbow
 h - a +5 scimitar of flaming (weapon)
 u - a +1 flail of draining
 v - a +0 blowgun
 x - a +0 mace
 F - a +0 long sword
 I - a +0 falchion
 N - a +0 great sword
 Q - a cursed -3 glaive
 S - a +2 hand crossbow of flaming
 T - a cursed -2 dagger
 W - a +0 flail
Missiles
 i - 65 poisoned needles
 j - 90 arrows
 o - 7 curare-tipped needles
 y - 13 bolts
 M - 102 stones (quivered)
Armour
 b - a +0 animal skin
 g - a +0 buckler (worn)
 l - a +2 robe of positive energy
 r - a +0 ring mail
 C - a +0 plate armour
 L - a +0 helmet
 P - a +0 chain mail (worn)
 R - a +2 leather armour of poison resistance
 U - a scarf of spirit shield (worn)
Jewellery
 d - a ring of resist corrosion (left hand)
 A - an amulet of rage (around neck)
Wands
 G - a wand of paralysis (7)
 K - a wand of flame (15)
 O - a wand of enslavement (11)
Scrolls
 k - 2 scrolls of remove curse
 m - a scroll of magic mapping
 n - 4 scrolls of identify
 s - a scroll of enchant armour {unknown}
 w - a scroll of enchant weapon
 z - a scroll of amnesia {unknown}
 D - a scroll of fear
 H - a scroll of blinking {unknown}
 J - 3 scrolls of teleportation
 V - 2 scrolls of immolation {unknown}
Potions
 B - 2 potions of might
 E - a potion of haste
Comestibles
 c - 4 rations


   Skills:
 + Level 8.9 Fighting
 + Level 12.4 Long Blades
 + Level 8.3 Armour
 + Level 4.0 Dodging
 + Level 0.3 Stealth
 + Level 3.0 Shields
 + Level 0.6 Evocations


You had 9 spell levels left.
You didn't know any spells.
Your spell library was empty.

Dungeon Overview and Level Annotations

Branches:
Dungeon (9/15)             Temple (1/1) D:6
   Lair: D:8-11         Orc: D:9-12

Altars:
Ashenzari
Cheibriados
Dithmenos
Elyvilon
Fedhas
Gozag
Hepliaklqana
Kikubaaqudgha
Makhleb
Nemelex Xobeh
Okawaru
Qazlal
Sif Muna
Trog
Uskayaw
Vehumet
Xom
Yredelemnul
Zin
The Shining One

Annotations:
D:8 3 runed doors, doot's ghost, novice DrAK
D:9 Grum


Innate Abilities, Weirdness & Mutations

You reflexively headbutt those who attack you in melee.
You have a pair of horns on your head.
You have large cloven feet.
You are covered in fur. (AC +1)
Your muscles are strong. (Str +2)
You evolve.


Message History

* * * LOW HITPOINT WARNING * * *
You feel sick.
Your magical effects are unravelling.
You feel magically purged.
Your magical contamination has completely faded away.
You feel yourself speed up.
You flicker back into view.
* * * LOW HITPOINT WARNING * * *
You feel sick.
Okay, then.
Okay, then.
Okay, then.
As you read the scroll labeled WATTYV ZUISUH, it crumbles to dust.
You feel strangely unstable.
It was a scroll of teleportation.
* * * LOW HITPOINT WARNING * * *
You feel sick.
You are feeling very hungry.
* * * LOW HITPOINT WARNING * * *
You feel sick.
Your surroundings suddenly seem different.
You die...

....# #.##.## ....#
#.##..#
....###.###.#
....##..# #.#
###.##.## #.#
....##.# #.#
##..##.# #.#
##..##.#
#.############
....##.#
#.#...@......#
#...##.#
#.#.###.#.##.######
#......#
#.#...............#
....####
#.#..##.#.##.####.#
###.#
#....##......# #.#
....#
####........####
#.#### .##.#
#......######
#....# .##.#
#.##.### ####.#
.##.#####.##.## #.#


There were no monsters in sight!

Vanquished Creatures
  Erica (D:8)
  2 hippogriffs (D:7)
  Eustachio (D:4)
  A water moccasin (D:6)
  A black bear (D:7)
  3 orc warriors
  2 ice beasts
  A necrophage (D:5)
  3 phantoms
  2 wolves (D:8)
  3 ogres
  3 centaurs
  A bullfrog (D:7)
  A big kobold (D:6)
  A gnoll sergeant (D:5)
  2 scorpions
  4 killer bees (D:8)
  A howler monkey (D:6)
  A crimson imp (D:5)
  2 centaur zombies
  3 orc priests
  2 centaur skeletons (D:5)
  4 hounds
  An iguana (D:7)
  6 orc wizards
  2 bullfrog skeletons
  2 worker ants
  A hound skeleton (D:7)
  A howler monkey skeleton (D:4)
  4 gnolls (D:5)
  6 adders
  2 shadow imps
  An ooze (D:6)
  An adder skeleton (D:4)
  3 worms
  2 leopard geckos (D:6)
  30 orcs
  3 giant cockroaches
  6 goblins
  7 hobgoblins
  16 jackals
  3 quokkas
  A ball python (D:1)
  5 bats
  2 frilled lizards
  9 kobolds
  A leopard gecko zombie (D:6)
  A quokka skeleton (D:6)
  5 rats
166 creatures vanquished.

Notes
Turn   | Place    | Note
-------+----------+-------------------------------------------
     0 | D:1      | brainwave the Minotaur Berserker began the quest for the
                  | Orb.
     0 | D:1      | Reached XP level 1. HP: 19/19 MP: 0/0
   294 | D:1      | Reached XP level 2. HP: 27/27 MP: 1/1
   496 | D:2      | Reached skill level 4 in Long Blades
  1065 | D:3      | Reached XP level 3. HP: 33/33 MP: 2/2
  1085 | D:3      | Reached ** piety under Trog
  1095 | D:3      | Noticed an ice beast
  1108 | D:3      | Killed an ice beast
  1108 | D:3      | Reached skill level 5 in Long Blades
  1108 | D:3      | Reached XP level 4. HP: 24/41 MP: 3/3
  1449 | D:3      | Reached XP level 5. HP: 43/47 MP: 4/4
  1616 | D:4      | Reached skill level 5 in Fighting
  1618 | D:4      | Noticed a phantom
  1639 | D:4      | Killed a phantom
  1639 | D:4      | Reached skill level 6 in Long Blades
  1639 | D:4      | Reached XP level 6. HP: 49/56 MP: 5/5
  2087 | D:4      | Noticed Eustachio
  2118 | D:4      | Killed Eustachio
  2118 | D:4      | Reached skill level 7 in Long Blades
  2118 | D:4      | Reached skill level 1 in Shields
  2118 | D:4      | Reached XP level 7. HP: 57/63 MP: 6/6
  2275 | D:4      | Reached skill level 8 in Long Blades
  2494 | D:5      | Entered Level 5 of the Dungeon
  2715 | D:5      | Reached XP level 8. HP: 31/71 MP: 7/7
  2745 | D:5      | Reached skill level 9 in Long Blades
  3193 | D:6      | Reached skill level 5 in Armour
  3356 | D:6      | Reached *** piety under Trog
  3588 | D:6      | Reached skill level 10 in Long Blades
  3768 | D:6      | Found a staircase to the Ecumenical Temple.
  3779 | Temple   | Entered the Ecumenical Temple
  4003 | D:6      | Reached XP level 9. HP: 45/81 MP: 8/8
  4364 | D:6      | Reached **** piety under Trog
  4834 | D:7      | Reached skill level 11 in Long Blades
  4849 | D:7      | Found a shattered altar of Ashenzari.
  5652 | D:8      | Found a runed gate.
  5653 | D:8      | Found a runed gate.
  5653 | D:8      | Found a runed gate.
  5655 | D:8      | Noticed doot's ghost (novice DrAK)
  5736 | D:8      | Noticed Erica
  5766 | D:8      | Killed Erica
  5766 | D:8      | Reached skill level 12 in Long Blades
  6005 | D:8      | Found a snail-covered altar of Cheibriados.
  6178 | D:8      | Reached XP level 10. HP: 90/90 MP: 9/9
  6519 | D:9      | Noticed a green ugly thing
  6604 | D:9      | Noticed Grum
  6632 | D:8      | Gained mutation: You evolve. [potion of mutation]
  6632 | D:8      | Gained mutation: You are covered in fur. (AC +1) [potion of
                  | mutation]
  6632 | D:8      | Gained mutation: Your muscles are strong. (Str +2) [potion
                  | of mutation]
  6632 | D:8      | Gained mutation: You have large cloven feet. [potion of
                  | mutation]
  6638 | D:8      | HP: 4/90 [poisoned by a green ugly thing]
  6641 | D:8      | HP: 1/90 [poisoned by a green ugly thing]
  6645 | D:8      | Succumbed to a green ugly thing's poison

Skill      XL: |  1  2  3  4  5  6  7  8  9 10 |
---------------+-------------------------------+-----
Fighting       | 4 5 6 8 |  8.9
Long Blades    | 4 5 6 7 8 10 12 | 12.4
Armour         | 3 4 6 8 |  8.3
Dodging        | 3 4 |  4.0
Shields        | 1 2 3 |  3.0
Stealth        | |  0.3
Evocations     | |  0.6

Action                   |  1- 3 |  4- 6 |  7- 9 | 10-12 || total
-------------------------+-------+-------+-------+-------++-------
Melee: Falchion          |    58 |   123 |   193 |       ||   374
       Headbutt          |    12 |    23 |    72 |     2 ||   109
       Great sword       |       |       |   106 |       ||   106
       Scimitar          |       |       |     7 |    23 ||    30
Invok: Berserk           |       |       |     2 |     1 ||     3
Evoke: Wand              |       |       |     3 |       ||     3
  Use: Potion            |       |       |     8 |     5 ||    13
       Scroll            |       |       |     4 |     4 ||     8
  Eat: Ration            |       |     2 |     4 |       ||     6
Armor: Animal skin       |     4 |       |       |       ||     4
       Ring mail         |    14 |     1 |       |       ||    15
       Plate armour      |       |    71 |   129 |       ||   200
       Chain mail        |       |       |    36 |    23 ||    59
       Skin              |       |       |    11 |       ||    11
Dodge: Dodged            |    37 |    49 |   135 |    34 ||   255
Block: Buckler           |     4 |    14 |    31 |    14 ||    63
       Rpst.: Falchion   |    12 |    15 |    18 |       ||    45
       Great sword       |       |       |     9 |       ||     9
       Scimitar          |       |       |     1 |    11 ||    12
